 Dungeon Crawl Stone Soup version 0.31.0-1-g2c135a0 (webtiles) character file.

Game seed: 16420083621134602643

64128 Kel the Warrior (level 14, -41/137 HPs)
             Began as a Pale Draconian Berserker on Feb 8, 2024.
             Was a High Priest of Trog.
             Engulfed by a fire crab's flame (53 damage)
             ... on level 4 of the Lair of Beasts.
             The game lasted 01:40:21 (20685 turns).

Kel the Warrior (Pale Draconian Berserker)         Turns: 20685, Time: 01:40:21

Health: -41/137    AC: 13    Str: 25    XL:     14   Next: 70%
Magic:  0/14       EV: 18    Int:  7    God:    Trog [*****.]
Gold:   1283       SH: 10    Dex: 11    Spells: 13/13 levels left

rFire   x . .        k - +4 demon whip (flame)
rCold   . . .        q - +0 kite shield
rNeg    . . .        (body armour unavailable)
rPois   +            (helmet restricted)
rElec   +            w - +2 cloak {Stlth+}
rCorr   .            Q - +0 pair of gloves {infuse}
SInv    .            x - +0 pair of boots
Will    +....        N - amulet of guardian spirit
Stlth   +++++        z - ring of Lotuinn {*Slow Fly rElec rPois}
HPRegen 0.42/turn    m - +5 ring of evasion
MPRegen 0.14/turn

%: slow self (1%), guardian spirit
@: on berserk cooldown, flying, hasted and slowed
A: breathe steam, AC +8, unfitting armour, cold-blooded, steam resistance, heat
vulnerability 1
a: Breathe Steam, Renounce Religion, Berserk, Trog's Hand, Brothers in Arms


You were on level 4 of the Lair of Beasts.
You worshipped Trog.
Trog was extremely pleased with you.
You visited 2 branches of the dungeon, and saw 18 of its levels.
You also visited: Bailey.

You collected 1547 gold pieces.
You spent 264 gold pieces at shops.

Inventory:

Hand Weapons
 k - a +4 demon whip of flaming (weapon)
 l - the +3 mace of Gallantry {speed, rC+ SInv Stlth+}
   (You found it on level 2 of the Dungeon)

   rC+:       It protects you from cold.
   SInv:      It lets you see invisible.
   Stlth+:    It makes you more stealthy.
 J - the +8 mace of Destiny {spect, rElec rN++ Int+3 Dex-5}
   (You bought it in a shop on level 12 of the Dungeon)

   Int+3:     It affects your intelligence (+3).
   Dex-5:     It affects your dexterity (-5).
   rElec:     It insulates you from electricity.
   rN++:      It greatly protects you from negative energy.
Missiles
 K - a throwing net (quivered)
Armour
 j - the +0 pair of gloves of the Furrier {^Contam Fly rElec}
   (You found it on level 9 of the Dungeon)

   rElec:     It insulates you from electricity.
   Fly:       It grants you flight.
   ^Contam:   It causes magical contamination when unequipped.
 q - a +0 kite shield (worn)
 w - a +2 cloak of stealth (worn)
 x - a +0 pair of boots (worn)
 O - the +1 pair of gloves of Optoirph {rElec rF+ Str-3 Dex+2}
   (You found it on level 2 of the Lair of Beasts)

   Str-3:     It affects your strength (-3).
   Dex+2:     It affects your dexterity (+2).
   rF+:       It protects you from fire.
   rElec:     It insulates you from electricity.
 Q - a +0 pair of gloves of infusion (worn)
Jewellery
 m - a +5 ring of evasion (right hand)
 t - a +5 ring of evasion
 z - the ring of Lotuinn (left hand) {*Slow Fly rElec rPois}
   (You took it off an orc on level 5 of the Dungeon)

   [ring of flight]

   rElec:     It insulates you from electricity.
   rPois:     It protects you from poison Fly: It grants you flight.
   *Slow:     It may slow you when you take damage.
 G - a +6 ring of intelligence
 M - a ring of ice
 N - an amulet of guardian spirit (around neck)
Talismans
 r - a beast talisman
 A - the blade talisman "Goisty" {rElec rC+ Dex+3}
   (You found it on level 10 of the Dungeon)

   [blade talisman]

   Dex+3:     It affects your dexterity (+3).
   rC+:       It protects you from cold.
   rElec:     It insulates you from electricity.
Wands
 f - a wand of digging (3)
 h - a wand of charming (7)
 n - a wand of polymorph (13)
 s - a wand of flame (18)
 y - a wand of iceblast (11)
 H - a wand of acid (18)
Scrolls
 a - 2 scrolls of enchant armour
 b - 4 scrolls of fog
 d - a scroll of poison
 e - 6 scrolls of teleportation
 p - 2 scrolls of fear
 v - 6 scrolls of identify
 I - 3 scrolls of blinking
 P - a scroll of immolation
Potions
 c - 2 potions of cancellation
 g - 3 potions of mutation
 o - a potion of resistance
 B - a potion of berserk rage
 C - a potion of haste
 D - a potion of attraction
 E - 3 potions of curing
 F - a potion of enlightenment
Miscellaneous
 i - a condenser vane
 u - a phial of floods


   Skills:
 + Level 16.1 Fighting
 * Level 16.1 Maces & Flails
 - Level 3.6 Polearms
 - Level 7.3 Dodging
 - Level 8.0 Stealth
 - Level 8.5 Shields


You had 13 spell levels left.
You didn't know any spells.
Your spell library was empty.

Dungeon Overview and Level Annotations

Branches:
Dungeon (14/15)            Temple (0/1) D:6            Lair (4/5) D:10
  Swamp (0/4) Lair:2        Snake (0/4) Lair:2          Orc (0/2) D:10
 Bailey (visited)
  Slime: Lair:4-5    Vaults: D:13-14

Altars:
Elyvilon
Gozag
Hepliaklqana
Qazlal
Vehumet
Xom
The Shining One

Shops:
D:12 ::((

Portals:
Trove: D:13 (give 4 scrolls of blinking)

Annotations:
D:9 3 runed translucent doors, cowcow's ghost, novice NaAl
D:12 2 transporters, Frances
D:14 Louise; Rupert


Innate Abilities, Weirdness & Mutations

You can breathe blasts of scalding, opaque steam.
Your pale cyan-grey scales are hard. (AC +8)
You cannot fit into any form of body armour.
You are cold-blooded and may be slowed by cold attacks.
You are immune to the effects of steam.
You are vulnerable to heat. (rF-)


Message History

You are no longer berserk.
You are exhausted.
You feel yourself slow down. You block the fire crab's attack.
The fire crab barely misses you.
Hit: k) +4 demon whip (flame)
Press: ? - help, Dir - move target
Okay, then.
The fire crab breathes flames at you.
The blast of flame engulfs you but does no damage.
The fire crab breathes flames at you. The blast of flame misses you.
You block the fire crab's attack. The fire crab misses you.
You hit the fire crab.
The fire crab is lightly wounded.
You are engulfed in blazing flames.
The fire crab breathes flames at you. The blast of flame misses you.
You whack the fire crab!
The fire crab is moderately wounded.
The fire crab completely misses you. The fire crab misses you.
You whack the fire crab!
The fire crab is heavily wounded.
You barely miss the fire crab. You tail-slap the fire crab.
The fire crab is heavily wounded.
The fire crab breathes flames at you. The blast of flame misses you.
You barely miss the fire crab. You tail-slap the fire crab.
The fire crab is heavily wounded.
You are engulfed in blazing flames.
The fire crab completely misses you.
The fire crab claws you but does no damage.
You feel much better.
You are engulfed in blazing flames.
* * * LOW HITPOINT WARNING * * *
You block the fire crab's attack. The fire crab claws you.
* * * LOW HITPOINT WARNING * * *
You are engulfed in flames!!
The fire burns you terribly!
* * * LOW HITPOINT WARNING * * *
You block the fire crab's attack. The fire crab closely misses you.
Okay, then.
You feel yourself speed up.
You are engulfed in blazing flames.
You die...

.##..###..##. #
..........# =..# ##
..........# .#.#.. .#
.......>..# .... ..#
..........# ##..~ ....
..........# #...# #...#
..........# #...####§...#
..........# #...........#
..........# #..@t††......
..........# #####†###.###
#..######.####...°........
#### ##........#####.##.
#.#.###.### ######.## ###


You could see a fire crab.

Vanquished Creatures
  Fannar (D:10)
  6 hydras
  A boulder beetle (Lair:4)
  3 two-headed ogres
  3 death yaks (Lair:3)
  A skyshark (Lair:4)
  Lodul (D:11)
  A bog body (Lair:2)
  A lindwurm (Lair:2)
  An orc knight (Bailey)
  3 cyclopes
  Maurice (D:10)
  2 ugly things (D:12)
  A manticore (D:13)
  A rust devil (D:10)
  An elephant (Lair:4)
  3 black mambas
  A torpor snail (Lair:4)
  A smoke demon (D:10)
  12 cane toads
  Maggie (D:10)
  3 unseen horrors
  3 rime drakes
  An efreet (D:12)
  4 komodo dragons
  4 trolls
  2 hellwings (D:10)
  5 hornets
  18 blink frogs
  Sigmund (D:6)
  8 slime creatures (D:13)
  2 shadows
  2 wraiths
  6 wyverns
  3 vampires
  4 basilisks
  34 yaks
  2 steam dragons
  Menkaure (D:6)
  A swamp worm (Lair:2)
  5 acid dragons
  15 water moccasins
  Duvessa (D:7)
  An ice beast (D:6)
  A swamp drake (D:10)
  9 ogres
  9 orc warriors
  2 black bears (Lair:2)
  3 wolves (Lair:2)
  4 boggarts (D:12)
  9 centaurs
  4 kobold brigands
  A phantom (D:6)
  8 bullfrogs
  A brain worm (shapeshifter) (D:10)
  6 scorpions
  4 wights (D:7)
  Dowan (D:7)
  3 killer bees (D:10)
  2 electric eels (Lair:2)
  10 howler monkeys
  4 jellies
  4 hounds
  Crazy Yiuf (D:2)
  A gnoll bouda (D:5)
  A sleepcap (D:8)
  3 orc priests
  10 orc wizards
  3 iguanas
  A hell rat (Lair:3)
  Terence (D:3)
  12 gnolls
  5 adders
  A white imp (D:7)
  2 ufetubi (D:6)
  4 dart slugs
  60 orcs
  5 ball pythons
  10 endoplasms
  6 giant cockroaches
  18 goblins
  14 hobgoblins
  6 jackals
  A quokka (D:4)
  2 bats
  6 frilled lizards
  26 kobolds
  4 rats
460 creatures vanquished.

Vanquished Creatures (collateral kills)
  An orc warlord (Bailey)
  An orc warrior (Bailey)
  2 goblins (Bailey)
  A hobgoblin (Bailey)
5 creatures vanquished.

Vanquished Creatures (others)
  A gnoll (D:8)
1 creature vanquished.

Grand Total: 466 creatures vanquished

Notes
Turn   | Place    | Note
-------+----------+-------------------------------------------
     0 | D:1      | Kel the Draconian Berserker began the quest for the Orb.
     0 | D:1      | Reached XP level 1. HP: 19/19 MP: 1/1
   179 | D:1      | Reached XP level 2. HP: 24/26 MP: 2/2
   692 | D:2      | Reached XP level 3. HP: 24/33 MP: 3/3
   749 | D:2      | Reached ** piety under Trog
   888 | D:2      | Found a runed translucent door.
   889 | D:2      | Noticed Crazy Yiuf
   961 | D:2      | Found a faded altar of an unknown god.
  1018 | D:2      | Identified the +3 mace of Gallantry {speed, rC+ SInv
                  | Stlth+}
  1021 | D:2      | You fall into a shaft and drop 1 floor!
  1639 | D:2      | Killed Crazy Yiuf
  1640 | D:2      | Reached skill level 1 in Maces & Flails
  1640 | D:2      | Reached XP level 4. HP: 40/40 MP: 4/4
  1773 | D:3      | Found a stormy altar of Qazlal.
  1795 | D:3      | Identified the +2 ring mail of Dogmatism {rPois Int+2}
  1895 | D:3      | Reached skill level 1 in Stealth
  1931 | D:3      | Noticed Terence
  1939 | D:3      | Killed Terence
  1940 | D:3      | Reached XP level 5. HP: 47/47 MP: 5/5
  2450 | D:3      | Found a faded altar of an unknown god.
  2463 | D:3      | Found a radiant altar of Vehumet.
  3126 | D:4      | Reached XP level 6. HP: 55/55 MP: 6/6
  3190 | D:4      | Reached skill level 5 in Fighting
  3248 | D:4      | Found a shimmering altar of Xom.
  3388 | D:4      | Reached *** piety under Trog
  3543 | D:4      | Your scales start taking on a pale cyan-grey colour.
  3543 | D:4      | Reached XP level 7. HP: 34/61 MP: 7/7
  3543 | D:4      | Gained mutation: You are immune to the effects of steam.
                  | [Pale Draconian growth]
  4047 | D:5      | Entered Level 5 of the Dungeon
  4468 | D:5      | Found an opulent altar of Gozag.
  4468 | D:5      | Identified the ring of Lotuinn {*Slow Fly rElec rPois}
  4522 | D:5      | Reached skill level 5 in Maces & Flails
  4996 | D:6      | Reached **** piety under Trog
  4997 | D:6      | Reached XP level 8. HP: 67/70 MP: 8/8
  5286 | D:6      | Noticed Sigmund
  5332 | D:6      | Found a white marble altar of Elyvilon.
  5433 | D:6      | Killed Sigmund
  5434 | D:6      | Reached skill level 5 in Stealth
  5675 | D:6      | Reached XP level 9. HP: 41/79 MP: 9/9
  5935 | D:6      | Found a glowing golden altar of the Shining One.
  5993 | D:6      | Found a staircase to the Ecumenical Temple.
  6171 | D:7      | Noticed Menkaure
  6325 | D:6      | Killed Menkaure
  6439 | D:7      | Reached skill level 1 in Shields
  8688 | D:7      | Noticed Dowan
  8886 | D:7      | Noticed Duvessa
  8911 | D:7      | Killed Duvessa
  8921 | D:7      | Killed Dowan
  9319 | D:8      | Found a flagged portal.
  9328 | D:8      | Reached ***** piety under Trog
  9332 | Bailey   | Entered a bailey
  9379 | Bailey   | Reached skill level 10 in Fighting
  9379 | Bailey   | Reached skill level 10 in Maces & Flails
  9379 | Bailey   | Reached XP level 10. HP: 94/94 MP: 10/10
  9541 | Bailey   | Noticed an orc knight
  9562 | Bailey   | Killed an orc knight
  9563 | Bailey   | Reached skill level 5 in Shields
  9565 | Bailey   | Noticed an orc warlord
  9603 | Bailey   | Killed an orc warlord
  9604 | Bailey   | Reached XP level 11. HP: 60/102 MP: 11/11
 10189 | D:8      | Noticed a two-headed ogre
 10196 | D:8      | Received a gift from Trog
 10205 | D:8      | Killed a two-headed ogre
 10718 | D:8      | Identified the +6 gold dragon scales of Rogesy {rPois rF+
                  | rC+ rN+ Will+++ Int-4 Dex+3}
 10772 | D:9      | Identified the +0 pair of gloves of the Furrier {^Contam
                  | Fly rElec}
 10954 | D:9      | Found a hazy altar of Hepliaklqana.
 11047 | D:9      | Found a runed translucent gate.
 11047 | D:9      | Found a runed translucent gate.
 11047 | D:9      | Found a runed translucent gate.
 11049 | D:9      | Noticed cowcow's ghost (novice NaAl)
 11450 | D:9      | Paralysed by a hornet for 1 turns
 11612 | D:10     | Entered Level 10 of the Dungeon
 11647 | D:10     | Noticed Maurice
 11656 | D:10     | Killed Maurice
 11799 | D:10     | Found a staircase to the Orcish Mines.
 11905 | D:10     | Identified the blade talisman "Goisty" {rElec rC+ Dex+3}
 12198 | D:10     | Noticed Maggie
 12211 | D:10     | Killed Maggie
 12300 | D:10     | Reached skill level 5 in Dodging
 12395 | D:10     | Reached XP level 12. HP: 113/113 MP: 12/12
 12417 | D:10     | Found a staircase to the Lair.
 12522 | D:10     | Noticed a two-headed ogre
 12552 | D:10     | Killed a two-headed ogre
 12567 | D:10     | Noticed a two-headed ogre
 12579 | D:10     | Killed a two-headed ogre
 13025 | D:11     | Noticed Lodul
 13068 | D:11     | Killed Lodul
 13524 | D:11     | Identified the +1 scale mail of Prudence {Harm +Blink}
 13938 | D:12     | Reached XP level 13. HP: 124/124 MP: 13/13
 13942 | D:12     | Found a transporter.
 13943 | D:12     | Found a transporter.
 13950 | D:12     | Noticed Frances
 14235 | D:12     | Found Awour's Book Shop.
 14241 | D:12     | Found Navera's Weapon Shop.
 14241 | D:12     | Found Axtepneb's Antique Weapon Shop.
 14246 | D:12     | Found Kueqais's Book Shop.
 14254 | D:12     | Bought a brightly glowing mace for 264 gold pieces
 14254 | D:12     | Identified the +8 mace of Destiny {spect, rElec rN++ Int+3
                  | Dex-5} (You bought it in a shop on level 12 of the Dungeon)
 15136 | D:13     | Received a gift from Trog
 15441 | D:13     | Found a portal to a secret trove of treasure.
 15874 | D:14     | Identified the +0 tower shield of the Big Bang {rElec}
 15874 | D:14     | Noticed Louise
 15874 | D:14     | Noticed Rupert
 16028 | Lair:1   | Entered Level 1 of the Lair of Beasts
 16028 | Lair:1   | Noticed Fannar
 16076 | D:10     | Killed Fannar
 17243 | Lair:2   | Found a staircase to the Snake Pit.
 17380 | Lair:2   | Reached XP level 14. HP: 127/133 MP: 14/14
 17497 | Lair:2   | Reached skill level 15 in Fighting
 17686 | Lair:2   | Found a staircase to the Swamp.
 17946 | Lair:2   | Identified the +1 pair of gloves of Optoirph {rElec rF+
                  | Str-3 Dex+2}
 18555 | Lair:3   | Received a gift from Trog
 18717 | Lair:3   | Reached skill level 15 in Maces & Flails
 20434 | Lair:4   | Gained mutation: You are vulnerable to heat. (rF-)
                  | [mutagenic glow]
 20685 | Lair:4   | Engulfed by a fire crab's flame

Illustrated notes

Levels and vault maps discovered:
D:1:      psy_arrival_terrarium, layout_basic, serial_forest,
          infiniplex_forest_straight_4, infiniplex_forest_end_2,
          infiniplex_forest_clump_tiny, infiniplex_forest_clump_double,
          infiniplex_forest_clump_tiny, infiniplex_forest_lined_2,
          infiniplex_forest_lined_room_, infiniplex_forest_straight_3,
          minmay_worlds_worst_comb
D:2:      layout_loops_ring, basic_ecumenical_altar, uniq_crazy_yiuf_cottage
D:3:      layout_loops_cross, mainiacjoe_overflow_alcove_1,
          nicolae_overflow_ecumenical_swirl, minmay_cut_off, uniq_terence
D:4:      cheibrodos_thug_alley, layout_gridville, dk_xom_monty_hall
D:5:      layout_basic, nicolae_gozag_seed_capital, chequers_garden
D:6:      layout_rooms, elyvilon_altar_5, tso_oasis_becter,
          minmay_temple_entry_enclosed_plants, uniq_sigmund
D:7:      layout_cave_pools, uniq_menkaure, uniq_duvessa
D:8:      layout_basic, enter_bailey_5
D:9:      layout_gridville, nicolae_overflow_crystal_walls,
          ebering_ghost_rock_garden
D:10:     kennysheep_six_static_rooms, layout_rooms, erik_lair_dragon,
          david_orc_2, nicolae_where_there's_smoke, uniq_maggie, uniq_maurice
D:11:     layout_long_grid, serial_glass, glass_columns_c, glass_columns_b,
          uniq_lodul
D:12:     gammafunk_beogh_shrine, layout_basic, minmay_shop_grid_forest,
          uniq_frances
D:13:     layout_roguey, nicolae_trove_entry_columns
D:14:     layout_basic, david_vaults_5, chequers_serial_rivers_micro_c,
          uniq_louise, uniq_snorg, uniq_nessos, uniq_rupert
Lair:1:   layout_roguey, uniq_fannar
Lair:2:   cheibrodos_lair_overgrown_chateau, layout_misc_corridors,
          nicolae_swamp_entry_splash_gauntlet, dummy_snake_entry
Lair:3:   layout_regular_city, amcnicky_mini_pool_medium, grunt_megastairs_5,
          serial_bayou_shore_a
Lair:4:   layout_big_grid, hangedman_lair_generics_rect

Skill      XL: |  1  2  3  4  5  6  7  8  9 10 11 12 13 14 |
---------------+-------------------------------------------+-----
Dodging        | 3 5 7 |  7.3
Fighting       | 4 5 6 7 10 11 12 14 16 | 16.1
Maces & Flails | 1 2 3 4 5 7 10 11 12 14 16 | 16.1
Stealth        | 1 2 4 5 7 8 |  8.0
Shields        | 4 5 6 8 |  8.5
Polearms       | |  3.6

Action                     |  1- 3 |  4- 6 |  7- 9 | 10-12 | 13-15 || total
---------------------------+-------+-------+-------+-------+-------++-------
  Melee: Spear             |    26 |       |       |       |       ||    26
         Punch             |     1 |       |       |       |       ||     1
         Quarterstaff      |    54 |       |       |       |       ||    54
         Tailslap          |     7 |    10 |    34 |    86 |   123 ||   260
         Mace              |    18 |   125 |   306 |   159 |    13 ||   621
         Demon whip        |       |       |       |   305 |   622 ||   927
 Invoke: Berserk           |     1 |     3 |     4 |     7 |     4 ||    19
         Brothers in Arms  |       |       |       |     1 |       ||     1
Ability: Breathe Steam     |       |       |     4 |    13 |    10 ||    27
  Evoke: Wand              |       |       |     2 |     3 |     1 ||     6
    Use: Scroll            |     2 |     4 |    10 |    11 |     4 ||    31
         Potion            |       |       |     9 |     4 |     3 ||    16
   Stab: Sleeping          |     3 |     6 |     8 |     6 |    15 ||    38
         Distracted        |       |     1 |     1 |       |     1 ||     3
 Armour: Skin              |    46 |    49 |   178 |   147 |   256 ||   676
  Dodge: Dodged            |    75 |    50 |   110 |   140 |   292 ||   667
  Block: Kite shield       |     1 |    26 |   100 |   134 |   232 ||   493
